[ PARTIDA AOE2 · #506834842 ]
UnrankedMaya vs Celts
Equipo del jugador · VICT
Equipo rival · DERR
[ ANÁLISIS DE REPETICIÓN · EXTRAÍDO DE LA PARTIDA GRABADA ]
Feudal
8:54
Castillos
19:30
Imperial
—
| APM promedio | 45.3 |
| APM pico | 91 |
| eAPM promedio | 21.1 |
| Aldeanos / militares | 43 / 27 |
Foco
⚔️ 44.3% · 🌾 55.7%
Eagle Scout ×15 · Archer ×10 · Militia ×1 · Spearman ×1
Feudal
10:06
Castillos
13:42
Imperial
—
| APM promedio | 60.7 |
| APM pico | 88 |
| eAPM promedio | 26.5 |
| Aldeanos / militares | 56 / 17 |
Foco
⚔️ 42.4% · 🌾 57.6%
Scorpion ×11 · Battering Ram ×6
Mapa de la partida
Recursos iniciales + cada clic de construcción. Líneas = muros · curvas = relieve. ◆ oro · ⬟ piedra · ● bayas · ✦ reliquia · ◌ hueco del cierre
Tu base· ✓ Cerrada en 19:30 · 14t muro · sin puerta
Base de DYS.Bensoncat· Abierta — hueco de 5t
Terreno inicial suavizado · ◌ = hueco del cierre detectado · pasá el cursor para detalles
Inputs por minuto
— Lootuskukka - - DYS.Bensoncat
Build order — Lootuskukka
148 acciones detectadas en el replay
| 0:01 | Investigar | Loom |
| 0:03 | Construir | House |
| 0:06 | Construir | House |
| 0:21 | Encolar | Villager (Male) |
| 0:21 | Encolar | Villager (Male) |
| 0:25 | Encolar | Villager (Male) |
| 1:24 | Encolar | Villager (Male) |
| 1:56 | Encolar | Villager (Male) |
| 1:59 | Construir | Lumber Camp |
| 2:18 | Encolar | Villager (Male) |
| 2:51 | Encolar | Villager (Male) |
| 2:52 | Encolar | Villager (Male) |
| 3:18 | Encolar | Villager (Male) |
| 3:22 | Encolar | Villager (Male) |
| 3:22 | Encolar | Villager (Male) |
| 3:22 | Encolar | Villager (Male) |
| 3:23 | Encolar | Villager (Male) |
| 3:50 | Construir | House |
| 3:51 | Construir | House |
| 4:04 | Encolar | Villager (Male) |
| 4:04 | Encolar | Villager (Male) |
| 4:45 | Encolar | Villager (Male) |
| 4:52 | Construir | Mining Camp |
| 5:23 | Encolar | Villager (Male) |
| 5:26 | Construir | Palisade Wall |
| 5:29 | Construir | Palisade Wall |
| 5:29 | Construir | Palisade Wall |
| 5:39 | Encolar | Villager (Male) |
| 6:14 | Encolar | Villager (Male) |
| 6:44 | Investigar | Feudal Age |
| 7:23 | Construir | Barracks |
| 8:21 | Construir | House |
| 8:34 | Encolar | Villager (Male) |
| 8:54 | Edad | Edad Feudal |
| 8:57 | Construir | Archery Range |
| 8:59 | Encolar | Villager (Male) |
| 9:10 | Construir | Mill |
| 9:21 | Encolar | Eagle Scout |
| 9:21 | Encolar | Spearman |
| 9:21 | Encolar | Eagle Scout |
| 9:40 | Encolar | Archer |
| 9:42 | Construir | House |
| 9:46 | Encolar | Villager (Male) |
| 9:49 | Encolar | Militia |
| 9:52 | Encolar | Archer |
| 9:55 | Encolar | Villager (Male) |
| 10:06 | Encolar | Villager (Male) |
| 10:10 | Encolar | Villager (Male) |
| 10:16 | Encolar | Archer |
| 10:20 | Encolar | Villager (Male) |
| 10:29 | Encolar | Villager (Male) |
| 10:46 | Encolar | Archer |
| 10:51 | Encolar | Eagle Scout |
| 10:54 | Construir | Farm |
| 10:59 | Construir | Farm |
| 11:05 | Encolar | Archer |
| 11:07 | Investigar | Double-Bit Axe |
| 11:28 | Construir | Watch Tower |
| 11:34 | Encolar | Archer |
| 11:36 | Encolar | Villager (Male) |
| 11:37 | Construir | Farm |
| 11:44 | Construir | Farm |
| 12:32 | Encolar | Archer |
| 12:33 | Encolar | Villager (Male) |
| 12:36 | Construir | House |
| 12:41 | Encolar | Villager (Male) |
| 12:43 | Construir | Farm |
| 13:04 | Construir | Watch Tower |
| 13:05 | Construir | Palisade Wall |
| 13:06 | Construir | Palisade Wall |
| 13:06 | Construir | Palisade Wall |
| 13:07 | Construir | Palisade Wall |
| 13:08 | Construir | Palisade Wall |
| 13:08 | Construir | Palisade Wall |
| 13:08 | Construir | Palisade Wall |
| 13:08 | Construir | Palisade Wall |
| 13:09 | Construir | Palisade Wall |
| 13:15 | Encolar | Archer |
| 13:19 | Construir | Blacksmith |
| 13:25 | Construir | House |
| 13:35 | Construir | Farm |
| 13:46 | Construir | House |
| 13:49 | Construir | Palisade Wall |
| 13:54 | Construir | Watch Tower |
| 14:04 | Construir | Watch Tower |
| 14:06 | Construir | House |
| 14:09 | Construir | Palisade Wall |
| 14:13 | Encolar | Archer |
| 14:14 | Encolar | Villager (Male) |
| 14:17 | Encolar | Villager (Male) |
| 14:18 | Encolar | Archer |
| 14:21 | Construir | House |
| 14:29 | Investigar | Fletching |
| 14:29 | Encolar | Villager (Male) |
| 14:31 | Construir | Farm |
| 14:36 | Encolar | Eagle Scout |
| 14:48 | Construir | Farm |
| 14:48 | Encolar | Villager (Male) |
| 14:50 | Construir | House |
| 14:51 | Construir | House |
| 15:20 | Construir | Palisade Wall |
| 15:21 | Construir | Palisade Wall |
| 15:23 | Encolar | Villager (Male) |
| 15:25 | Construir | Farm |
| 16:02 | Construir | Mining Camp |
| 16:12 | Encolar | Villager (Male) |
| 16:33 | Construir | Palisade Wall |
| 16:34 | Construir | Palisade Wall |
| 16:34 | Construir | Palisade Wall |
| 16:47 | Construir | House |
| 16:50 | Investigar | Castle Age |
| 17:16 | Construir | House |
| 17:35 | Investigar | Scale Mail Armor |
| 17:35 | Encolar | Eagle Scout |
| 17:44 | Encolar | Eagle Scout |
| 17:50 | Construir | Farm |
| 17:51 | Construir | Farm |
| 17:58 | Investigar | Horse Collar |
| 18:12 | Encolar | Eagle Scout |
| 18:37 | Encolar | Eagle Scout |
| 18:39 | Encolar | Eagle Scout |
| 18:54 | Encolar | Eagle Scout |
| 19:30 | Edad | Edad de los Castillos |
| 19:31 | Construir | Barracks |
| 19:34 | Construir | Siege Workshop |
| 19:39 | Investigar | Eagle Warrior (upgrade) |
| 19:40 | Investigar | Chain Mail Armor |
| 19:41 | Encolar | Villager (Male) |
| 19:41 | Encolar | Villager (Male) |
| 19:48 | Construir | Barracks |
| 19:49 | Encolar | Eagle Scout |
| 20:12 | Encolar | Eagle Scout |
| 20:15 | Construir | Barracks |
| 20:17 | Encolar | Villager (Male) |
| 20:26 | Construir | House |
| 20:53 | Investigar | Bow Saw |
| 20:53 | Encolar | Villager (Male) |
| 20:53 | Encolar | Villager (Male) |
| 20:57 | Construir | Mining Camp |
| 21:24 | Encolar | Eagle Scout |
| 21:24 | Encolar | Eagle Scout |
| 21:26 | Investigar | Gold Mining |
| 21:27 | Construir | House |
| 21:28 | Construir | House |
| 21:29 | Encolar | Villager (Male) |
| 21:29 | Encolar | Villager (Male) |
| 21:44 | Encolar | Eagle Scout |
| 21:47 | Construir | Farm |
Build order — DYS.Bensoncat
116 acciones detectadas en el replay
| 0:01 | Encolar | Villager (Male) ×4 |
| 0:01 | Encolar | Villager (Male) ×4 |
| 0:02 | Construir | House |
| 0:04 | Construir | House |
| 1:12 | Encolar | Villager (Male) |
| 1:12 | Encolar | Villager (Male) |
| 1:37 | Encolar | Villager (Male) |
| 1:38 | Encolar | Villager (Male) |
| 1:38 | Encolar | Villager (Male) |
| 1:47 | Construir | Lumber Camp |
| 2:23 | Encolar | Villager (Male) |
| 2:23 | Encolar | Villager (Male) |
| 2:28 | Encolar | Villager (Male) |
| 2:28 | Encolar | Villager (Male) |
| 2:49 | Encolar | Villager (Male) |
| 2:50 | Encolar | Villager (Male) |
| 3:22 | Encolar | Villager (Male) |
| 3:22 | Encolar | Villager (Male) |
| 3:23 | Encolar | Villager (Male) |
| 3:33 | Construir | House |
| 3:35 | Encolar | Villager (Male) |
| 3:35 | Encolar | Villager (Male) |
| 3:42 | Construir | House |
| 4:04 | Encolar | Villager (Male) |
| 4:05 | Encolar | Villager (Male) |
| 4:38 | Encolar | Villager (Male) |
| 4:39 | Encolar | Villager (Male) |
| 4:39 | Encolar | Villager (Male) |
| 5:01 | Encolar | Villager (Male) |
| 5:02 | Encolar | Villager (Male) |
| 5:08 | Construir | Mill |
| 5:14 | Encolar | Villager (Male) |
| 5:15 | Encolar | Villager (Male) |
| 5:25 | Encolar | Villager (Male) |
| 6:00 | Encolar | Villager (Male) |
| 6:00 | Encolar | Villager (Male) |
| 6:21 | Investigar | Loom |
| 6:57 | Construir | House |
| 7:55 | Investigar | Feudal Age |
| 7:55 | Investigar | Feudal Age |
| 8:01 | Construir | Palisade Wall |
| 8:02 | Construir | Palisade Wall |
| 8:03 | Construir | Palisade Wall |
| 8:04 | Construir | Palisade Wall |
| 8:20 | Construir | Palisade Wall |
| 8:21 | Construir | Palisade Wall |
| 8:22 | Construir | Palisade Wall |
| 8:26 | Encolar | Villager (Male) |
| 8:26 | Encolar | Villager (Male) |
| 10:06 | Edad | Edad Feudal |
| 10:08 | Construir | Market |
| 10:10 | Construir | Blacksmith |
| 11:02 | Investigar | Castle Age |
| 11:02 | Investigar | Castle Age |
| 11:06 | Investigar | Double-Bit Axe |
| 11:06 | Investigar | Double-Bit Axe |
| 12:16 | Encolar | Villager (Male) |
| 12:20 | Construir | Watch Tower |
| 12:45 | Encolar | Villager (Male) |
| 13:08 | Construir | Mining Camp |
| 13:15 | Encolar | Villager (Male) |
| 13:21 | Investigar | Fletching |
| 13:21 | Investigar | Fletching |
| 13:21 | Investigar | Fletching |
| 13:30 | Construir | House |
| 13:42 | Edad | Edad de los Castillos |
| 13:44 | Construir | House |
| 14:22 | Investigar | Bodkin Arrow |
| 14:22 | Investigar | Bodkin Arrow |
| 14:22 | Investigar | Bodkin Arrow |
| 14:29 | Construir | Farm |
| 14:31 | Construir | Farm |
| 14:43 | Construir | Siege Workshop |
| 14:50 | Encolar | Villager (Male) |
| 14:54 | Construir | Farm |
| 15:31 | Construir | Farm |
| 15:49 | Encolar | Scorpion |
| 15:54 | Construir | House |
| 16:00 | Encolar | Villager (Male) |
| 16:12 | Construir | Siege Workshop |
| 17:12 | Encolar | Battering Ram |
| 17:12 | Encolar | Battering Ram |
| 17:18 | Encolar | Battering Ram |
| 17:19 | Construir | House |
| 17:26 | Encolar | Villager (Male) |
| 17:26 | Encolar | Villager (Male) |
| 17:36 | Encolar | Villager (Male) |
| 18:04 | Construir | Palisade Gate |
| 18:18 | Encolar | Battering Ram |
| 18:18 | Encolar | Battering Ram |
| 18:24 | Encolar | Battering Ram |
| 18:29 | Construir | House |
| 18:42 | Encolar | Scorpion |
| 18:42 | Encolar | Scorpion |
| 18:53 | Construir | House |
| 18:58 | Encolar | Villager (Male) |
| 18:58 | Encolar | Villager (Male) |
| 19:20 | Encolar | Villager (Male) |
| 19:41 | Construir | Farm |
| 19:42 | Construir | Farm |
| 19:49 | Encolar | Villager (Male) |
| 19:49 | Encolar | Villager (Male) |
| 19:49 | Encolar | Villager (Male) |
| 19:59 | Construir | House |
| 20:06 | Encolar | Scorpion |
| 20:06 | Encolar | Scorpion |
| 20:06 | Encolar | Scorpion |
| 20:09 | Encolar | Scorpion |
| 20:09 | Encolar | Scorpion |
| 20:43 | Encolar | Villager (Male) |
| 20:43 | Encolar | Villager (Male) |
| 20:47 | Encolar | Scorpion |
| 21:00 | Encolar | Villager (Male) |
| 21:00 | Encolar | Villager (Male) |
| 21:08 | Encolar | Scorpion |
| 21:08 | Encolar | Scorpion |
Cronología de la partida
| 5:26 | Lootuskukka · wall_segment Palisade Wall x1 |
| 5:29 | Lootuskukka · wall_segment Palisade Wall x1 |
| 5:29 | Lootuskukka · wall_segment Palisade Wall x1 |
| 7:23 | Lootuskukka · first_building Barracks |
| 8:01 | DYS.Bensoncat · wall_segment Palisade Wall x1 |
| 8:02 | DYS.Bensoncat · wall_segment Palisade Wall x1 |
| 8:03 | DYS.Bensoncat · wall_segment Palisade Wall x1 |
| 8:04 | DYS.Bensoncat · wall_segment Palisade Wall x1 |
| 8:20 | DYS.Bensoncat · wall_segment Palisade Wall x1 |
| 8:21 | DYS.Bensoncat · wall_segment Palisade Wall x1 |
| 8:22 | DYS.Bensoncat · wall_segment Palisade Wall x1 |
| 8:54 | Lootuskukka · age_up feudal |
| 8:57 | Lootuskukka · first_building Archery Range |
| 10:06 | DYS.Bensoncat · age_up feudal |
| 10:57 | DYS.Bensoncat · first_market_sell 100 wood |
| 13:05 | Lootuskukka · wall_segment Palisade Wall x1 |
| 13:06 | Lootuskukka · wall_segment Palisade Wall x1 |
| 13:06 | Lootuskukka · wall_segment Palisade Wall x1 |
| 13:07 | Lootuskukka · wall_segment Palisade Wall x1 |
| 13:08 | Lootuskukka · wall_segment Palisade Wall x2 |
| 13:08 | Lootuskukka · wall_segment Palisade Wall x1 |
| 13:08 | Lootuskukka · wall_segment Palisade Wall x1 |
| 13:08 | Lootuskukka · wall_segment Palisade Wall x1 |
| 13:09 | Lootuskukka · wall_segment Palisade Wall x1 |
| 13:42 | DYS.Bensoncat · age_up castle |
| 13:49 | Lootuskukka · wall_segment Palisade Wall x1 |
| 14:09 | Lootuskukka · wall_segment Palisade Wall x1 |
| 14:19 | DYS.Bensoncat · first_market_buy 100 food |
| 14:43 | DYS.Bensoncat · first_building Siege Workshop |
| 15:20 | Lootuskukka · wall_segment Palisade Wall x1 |
| 15:21 | Lootuskukka · wall_segment Palisade Wall x1 |
| 16:33 | Lootuskukka · wall_segment Palisade Wall x1 |
| 16:34 | Lootuskukka · wall_segment Palisade Wall x1 |
| 16:34 | Lootuskukka · wall_segment Palisade Wall x1 |
| 19:30 | Lootuskukka · age_up castle |
| 19:34 | Lootuskukka · first_building Siege Workshop |
| 21:48 | DYS.Bensoncat · resign |
[ ANÁLISIS IA · 1 CRÉDITO ]
¿Qué pasó realmente en esta partida?
Wolo.gg analiza cada decisión: build order, eco, micro, errores típicos por bracket. Análisis personalizado por WhatsApp o Discord en 30 segundos.
Guía civ
Maya
Perfil
Jugador #18413060